Map: Bridgehead LE (Void)

Players

MoonLjth - Winner!

  • Race: Protoss Protoss
  • League: Platinum

iQuitBYE - Winner!

  • Race: Protoss Protoss
  • League: Grandmaster

ƇƳƁØƦƓ

  • Race: Terran Terran
  • League: Grandmaster

BLOOM

  • Race: Terran Terran
  • League: Grandmaster

VOD

Have the link to the VOD?

Description

Time

  • Played on: Oct. 2, 2015, 11:43 a.m.
  • Length: 8:45
Show
View Real Time Build Order
Export as new Build Order

MoonLjth Protoss - Winner!

Build Orders: Blink Stalkers 

Get SALT Encoding   

  12  0:01  Probe (Chrono Boost)  
  13  0:17  Probe (Chrono Boost), Pylon  
  14  0:27  Probe (Chrono Boost)  
  15  0:37  Gateway  
  15  0:41  Gateway, Probe (Chrono Boost)  
  16  0:51  Assimilator  
  16  0:53  Probe (Chrono Boost)  
  17  1:03  Probe (Chrono Boost)  
  18  1:13  Probe (Chrono Boost)  
  19  1:23  Probe (Chrono Boost)  
  20  1:33  Cybernetics Core, Probe (Chrono Boost)  
  21  1:46  Nexus  
  21  1:51  Probe (Chrono Boost)  
  22  2:03  Pylon  
  22  2:05  Probe (Chrono Boost)  
  23  2:10  Warp Gate  
  23  2:15  Assimilator  
  23  2:21  Mothership Core (Chrono Boost)  
  25  2:38  Probe (Chrono Boost)  
  26  2:45  Twilight Council  
  26  2:48  Probe (Chrono Boost)  
  27  2:51  Stalker (Chrono Boost)  
  29  2:58  Probe (Chrono Boost)  
  29  2:59  Probe (Chrono Boost)  
  31  3:09  Probe  
  31  3:12  Robotics Facility  
  32  3:13  Probe (Chrono Boost)  
  33  3:20  Probe (Chrono Boost), Blink (Chrono Boost)  
  33  3:24  Probe (Chrono Boost)  
  35  3:31  Probe (Chrono Boost)  
  36  3:35  Probe (Chrono Boost)  
  36  3:40  Assimilator  
  37  3:41  Probe  
  37  3:45  Probe  
  37  3:46  Stalker (Chrono Boost)  
  37  3:47  Pylon  
  39  3:53  Probe  
  42  3:57  Pylon  
  42  3:59  Probe  
  44  4:02  Observer  
  44  4:13  Probe (Chrono Boost)  
  44  4:15  Probe (Chrono Boost)  
  44  4:16  Pylon  
  46  4:23  Probe (Chrono Boost)  
  47  4:26  Observer  
  47  4:27  Probe (Chrono Boost)  
  49  4:33  Probe (Chrono Boost)  
  51  4:40  Probe (Chrono Boost)  
  51  4:43  Probe (Chrono Boost)  
  52  4:52  Probe (Chrono Boost)  
  53  4:53  Probe (Chrono Boost)  
  53  4:57  Gateway  
  53  4:59  Gateway, Observer  
  55  5:01  Gateway  
  55  5:02  Assimilator  
  55  5:03  Probe (Chrono Boost)  
  55  5:04  Probe (Chrono Boost)  
  55  5:05  Gateway  
  57  5:08  Pylon  
  57  5:13  Stalker  
  59  5:14  Probe (Chrono Boost)  
  59  5:15  Probe (Chrono Boost)  
  59  5:19  Pylon  
  61  5:22  Immortal (Chrono Boost)  
  61  5:24  Probe  
  66  5:30  Nexus  
  66  5:31  Probe, Pylon  
  67  5:36  Gateway  
  67  5:37  Probe  
  67  5:41  Gateway  
  68  5:43  Probe  
  68  5:45  Stalker  
  71  5:52  Probe  
  71  5:55  Probe, Warp Prism (Chrono Boost)  
  75  6:03  Stalker x3  
  81  6:09  Stalker x2  
  81  6:11  Probe x2 (Chrono Boost)  
  87  6:20  Pylon  
  87  6:22  Probe x2 (Chrono Boost)  
  89  6:28  Stalker x2  
  89  6:32  Probe (Chrono Boost)  
  94  6:38  Probe (Chrono Boost)  
  95  6:42  Probe (Chrono Boost)  
  95  6:43  Probe (Chrono Boost)  
  95  6:46  Stalker  
  95  6:47  Stalker x2  
  101  6:48  Probe (Chrono Boost)  
  101  6:52  Probe (Chrono Boost)  
  101  6:53  Probe (Chrono Boost)  
  106  6:55  Pylon  
  106  6:58  Probe (Chrono Boost)  
  106  7:00  Stalker x2  
  111  7:02  Probe (Chrono Boost)  
  111  7:06  Probe (Chrono Boost)  
  111  7:08  Probe (Chrono Boost)  
  111  7:12  Probe (Chrono Boost)  
  113  7:16  Stalker x3, Probe (Chrono Boost)  
  113  7:18  Probe (Chrono Boost)  
  119  7:23  Probe (Chrono Boost)  
  119  7:28  Probe (Chrono Boost)  
  121  7:30  Assimilator  
  121  7:34  Forge  
  121  7:36  Probe (Chrono Boost)  
  121  7:37  Forge  
  122  7:38  Stalker  
  122  7:39  Probe (Chrono Boost)  
  125  7:47  Pylon  
  125  7:50  Pylon  
  121  7:51  Pylon  
  121  7:57  Stalker x2  
  125  8:04  Probe (Chrono Boost)  
  125  8:05  Probe (Chrono Boost)  
  127  8:07  Probe (Chrono Boost)  
  127  8:09  Gateway  
  127  8:11  Gateway  
  126  8:14  Probe (Chrono Boost)  
  126  8:15  Probe (Chrono Boost), Gateway  
  126  8:17  Adept x4  
  126  8:18  Adept  
  130  8:20  Probe (Chrono Boost)  
  129  8:29  Adept  
  129  8:30  Adept  
  129  8:31  Probe (Chrono Boost)  
  129  8:34  Nexus  
  132  8:37  Pylon  
  132  8:40  Pylon  
  127  8:42  Stalker  
  127  8:43  Stalker x3, Assimilator  
  135  8:45  Assimilator  
Show
View Real Time Build Order
Export as new Build Order

iQuitBYE Protoss - Winner!

Build Orders:  

Get SALT Encoding   

  12  0:01  SCV  
  13  0:13  SCV  
  14  0:19  Supply Depot  
  14  0:26  SCV  
  15  0:41  SCV  
  16  0:44  Barracks  
  16  0:51  Refinery  
  16  0:53  SCV  
  17  1:05  SCV  
  17  1:07  Refinery  
  18  1:17  SCV  
  19  1:35  Orbital Command  
  19  1:38  Marine  
  20  1:52  Supply Depot  
  19  2:00  SCV  
  20  2:02  Factory, Marine  
  21  2:12  SCV  
  23  2:25  SCV  
  23  2:26  Reaper  
  24  2:37  SCV  
  25  2:46  Command Center  
  25  2:49  SCV  
  26  2:52  Starport  
  25  3:00  Factory Tech Lab  
  25  3:01  SCV  
  26  3:09  Marine  
  27  3:13  SCV  
  28  3:20  Siege Tank  
  31  3:31  Supply Depot  
  31  3:33  SCV  
  31  3:40  Barracks Reactor  
  31  3:47  Supply Depot  
  31  3:51  Supply Depot  
  31  3:52  Medivac  
  31  3:55  Barracks  
  33  3:57  SCV  
  34  4:06  Orbital Command  
  34  4:09  SCV  
  35  4:15  Siege Tank  
  38  4:21  SCV  
  39  4:33  SCV, Marine  
  39  4:34  Marine  
  41  4:45  SCV  
  41  4:51  SCV, Marine x2  
  41  4:59  SCV  
  42  5:02  Barracks Tech Lab  
  42  5:03  Starport Reactor  
  42  5:04  SCV  
  43  5:09  Marine x2  
  43  5:12  SCV  
  43  5:14  Barracks x2  
  46  5:16  Barracks  
  46  5:20  Supply Depot  
  46  5:22  SCV  
  46  5:24  Supply Depot  
  46  5:25  Stimpack  
  46  5:27  Marine x2  
  49  5:34  Marine  
  50  5:41  Siege Tank  
  53  5:45  Marine x2  
  53  5:46  SCV  
  53  5:49  SCV  
  57  5:52  Marauder  
  57  6:03  Marine x2  
  59  6:09  SCV  
  59  6:11  Viking  
  62  6:13  SCV, Marauder  
  62  6:16  Barracks Tech Lab  
  65  6:20  Marine x2  
  65  6:21  SCV  
  65  6:24  Marine  
  69  6:26  SCV  
  69  6:32  Engineering Bay  
  69  6:33  Supply Depot, Engineering Bay  
  69  6:34  Marine  
  69  6:38  Marine  
  69  6:39  Marine  
  68  6:44  Barracks Tech Lab  
  63  6:52  Marine  
  64  6:57  Marine  
  64  6:58  Supply Depot  
  64  7:00  Supply Depot  
  62  7:01  Supply Depot  
  55  7:15  Marine x4  
  54  7:18  SCV  
  58  7:23  SCV  
  58  7:33  Marine x4  
  58  7:34  Siege Tank  
  58  7:35  Medivac x2  
  69  7:39  Refinery  
  67  7:51  Marauder, Marine x3  
  64  8:05  Medivac  
  64  8:06  Siege Tank  
  64  8:08  Marine  
  64  8:09  Marine x2  
  69  8:13  Marauder  
  54  8:26  Marine  
  54  8:27  Marine x2  
Show
View Real Time Build Order
Export as new Build Order

ƇƳƁØƦƓ Terran 

Build Orders:  

Get SALT Encoding   

Show
View Real Time Build Order
Export as new Build Order

BLOOM Terran 

Build Orders:  

Get SALT Encoding   

Tags
 
Add a new tag
Caveats
  • Supply blocks, unpowered buildings, or Contaminate may cause inaccurate times.
  • Supply counts are checked every 10 seconds.